 Dungeon Crawl Stone Soup version 0.30-a0-948-g4fa250aae5 (webtiles) character file.

Game seed: 4604347257364322990

17210 voltaire321 the Covert (level 12, -14/82 HPs)
             Began as an Octopode Brigand on Mar 26, 2023.
             Was a High Priest of Fedhas.
             Demolished by an orc knight
             ... wielding a +4 halberd
              (22 damage)
             ... while paralysed by an orc sorcerer
             ... on level 2 of the Orcish Mines.
             The game lasted 00:45:19 (13750 turns).

voltaire321 the Covert (Octopode Brigand)          Turns: 13750, Time: 00:45:19

Health: -14/82     AC:  8    Str: 11    XL:     12   Next: 45%
Magic:  21/21      EV:  2    Int: 22    God:    Fedhas [*****.]
Gold:   884        SH:  0    Dex: 15    Spells: 16/23 levels left

rFire   . . .      SeeInvis +    r - +1 rapier (protect)
rCold   . . .      Faith    .    g - +0 buckler
rNeg    + . .      Spirit   .    (helmet restricted)
rPois   .          Reflect  +    o - amulet of reflection
rElec   .          Rampage  .    v - ring of see invisible
rCorr   +                        y - +6 ring of intelligence
Will    .....                    H - ring of positive energy
Stlth   +++++                    w - ring of flight
HPRegen 0.33/turn                q - ring of resist corrosion
MPRegen 0.17/turn                (no ring)
                                 (no ring)
                                 (no ring)

@: paralysed, under a protective aura, flying
A: almost no armour, amphibious, 8 rings, camouflage 1, gelatinous body 1,
(nimble swimmer 1), tentacles
a: Renounce Religion, Wall of Briars, Grow Ballistomycete, Overgrow, Grow Oklob


You were on level 2 of the Orcish Mines.
You worshipped Fedhas.
Fedhas was extremely pleased with you.
You visited 4 branches of the dungeon, and saw 15 of its levels.

You collected 884 gold pieces.

Inventory:

Hand Weapons
 r - a +1 rapier of protection (weapon)
 B - a +5 dagger
 E - a +2 short sword of electrocution
Missiles
 b - 16 poisoned darts (quivered)
 c - a curare-tipped dart
 C - 4 throwing nets
Armour
 g - a +0 buckler (worn)
Magical Staves
 k - a staff of earth
Jewellery
 d - an amulet of regeneration
 l - an amulet of magic regeneration
 o - an amulet of reflection (around mantle)
 q - a ring of resist corrosion (on tentacle)
 t - an amulet of guardian spirit
 v - a ring of see invisible (left tentacle)
 w - a ring of flight (on tentacle)
 y - a +6 ring of intelligence (right tentacle)
 H - a ring of positive energy (on tentacle)
Wands
 D - a wand of polymorph (4)
 G - a wand of flame (20)
 K - a wand of digging (6)
 L - a wand of paralysis (5)
Scrolls
 h - 7 scrolls of identify
 i - 7 scrolls of teleportation
 p - a scroll of blinking
 s - a scroll of magic mapping
 I - a scroll of fear
 M - a scroll of fog {unknown}
Potions
 a - 4 potions of degeneration {unknown}
 e - a potion of might
 f - a potion of cancellation
 j - a potion of magic
 m - 5 potions of lignification
 n - 4 potions of curing
 u - 4 potions of brilliance
 x - 3 potions of flight {unknown}
 z - 3 potions of mutation
 A - a potion of haste
 F - a potion of resistance {unknown}
 J - a potion of invisibility {unknown}
 N - 5 potions of ambrosia


   Skills:
 + Level 8.0 Fighting
 + Level 8.1 Short Blades
 - Level 4.0 Throwing
 + Level 7.9 Dodging
 + Level 10.3 Stealth
 - Level 5.0 Shields
 - Level 6.0 Spellcasting
 - Level 7.0 Conjurations
 + Level 1.1 Air Magic
 - Level 7.2 Earth Magic
 + Level 1.3 Poison Magic
 + Level 5.4 Invocations


You had 16 spell levels left.
You knew the following spells:

 Your Spells              Type           Power      Damage    Failure   Level
a - Stone Arrow           Conj/Erth      74%        3d11      1%          3
b - Passwall              Tmut/Erth      18%        N/A       4%          2
c - Poisonous Vapours     Pois/Air       24%        N/A       11%         2

Your spell library contained the following spells:

 Spells                   Type           Power      Damage    Failure   Level
 Sandblast                Erth           76%        2d16      1%          1
 Kiss of Death            Conj/Necr      88%        2d12      2%          1
 Mephitic Cloud           Conj/Pois/Air  20%        N/A       10%         3
 Necrotise                Necr           24%        1d5       12%         1
 Cigotuvi's Dreadful Rot  Necr/Pois/Air  20%        N/A       12%         2
 Sublimation of Blood     Necr           6%         N/A       17%         2
 Petrify                  Tmut/Erth      22%        N/A       26%         4
 Confusing Touch          Hex            6%         N/A       34%         3
 Inner Flame              Hex/Fire       6%         N/A       34%         3
 Ozocubu's Armour         Ice            6%         N/A       34%         3
 Vampiric Draining        Necr           6%         2d6       34%         3
 Irradiate                Conj/Tmut      11%        3d15      58%         5
 Cause Fear               Hex            3%         N/A       75%         4
 Dispel Undead            Necr           6%         3d8       75%         4
 Agony                    Necr           6%         N/A       97%         5
 Ozocubu's Refrigeration  Ice            3%         4d8       100%        7
 Discord                  Hex            3%         N/A       100%        8


Dungeon Overview and Level Annotations

Branches:
Dungeon (11/15)            Temple (1/1) D:6            Lair (1/5) D:11
    Orc (2/2) D:11
    Elf: Orc:2

Altars:
Cheibriados
Dithmenos
Elyvilon
Fedhas
Gozag
Hepliaklqana
Kikubaaqudgha
Makhleb
Nemelex Xobeh
Okawaru
Ru
Sif Muna
Trog
Uskayaw
Vehumet
Wu Jian
Xom
Yredelemnul
Zin
The Shining One

Annotations:
D:9 1 runed translucent door, xian's ghost, novice DrEE


Innate Abilities, Weirdness & Mutations

You cannot wear most types of armour.
You are amphibious.
You can wear up to eight rings at the same time.
Your skin changes colour to match your surroundings (Stealth+).
Your rubbery body absorbs attacks. (AC +1, EV +1)
((You are camouflaged when in or above water. (Stealth+)))
You have tentacles for arms and can constrict up to eight enemies at once.


Message History

Items here: )))) [[ รทรทรท.
Things that are here:
a +0 giant spiked club; an ogre skeleton Done exploring.
Done exploring.
There is a stone staircase leading down here.
You fly downwards.
There is a stone staircase leading up here.
The helpless orc knight fails to defend itself.
You perforate the orc knight like a sieve!!!
Your weapon exudes an aura of protection.
You grab the orc knight.
You squeeze the orc knight, but do no damage.
The orc knight is almost dead.
You constrict the orc knight, but do no damage.
The orc sorcerer shouts!
The orc warrior shouts! x2
You hit the orc knight but do no damage.
The orc knight is almost dead.
You constrict the orc knight, but do no damage.
The orc sorcerer casts a spell at you.
You suddenly lose the ability to move!
You lose your grip on the orc knight.
The orc warrior hits you from afar with a +0 halberd.
The orc warrior hits you from afar with a +0 glaive.
The orc knight roars a battlecry!
The orcs go into a battle-frenzy!
The orc sorcerer points at you and mumbles some strange words.
You resist with some effort. The orc warrior barely misses you.
The orc warrior hits you from afar with a +0 glaive!!
The orc knight barely misses you.
The orc sorcerer casts a spell.
The orc warrior hits you but does no damage.
The orc warrior hits you from afar with a +0 glaive.
The orc knight hits you with a +4 halberd!!
The orc warrior hits you from afar with a +0 halberd!!
* * * LOW HITPOINT WARNING * * *
The orc warrior hits you from afar with a +0 glaive.
* * * LOW HITPOINT WARNING * * *
The orc knight hits you with a +4 halberd!!
You die...
Fedhas appreciates your contribution to the ecosystem.

..#. #....
..#...
4....#
###....#
##......#
#.o...#
#@..#
#..o.o.##
#...o..#
#....#..#
#.#..###..
..... ...
...# ...
... #...


You could see an orc knight, a chaos spawn (summoned), an orc sorcerer (strong)
and 2 orc warriors.

Vanquished Creatures
  Harold (D:11)
  Erolcha (D:9)
  4 two-headed ogres
  An ugly thing (D:6)
  2 cyclopes (D:11)
  Maggie (D:7)
  3 kobold demonologists
  A komodo dragon (Lair:1)
  3 trolls
  A queen bee (D:11)
  Prince Ribbit (D:9)
  Sigmund (D:4)
  Eustachio (D:5)
  4 yaks
  4 vampire mosquitoes (D:10)
  3 water moccasins
  An acid dragon (D:10)
  An ice beast (D:5)
  8 orc warriors
  3 sky beasts
  7 ogres
  A black bear (D:5)
  5 centaurs
  A phantom (D:6)
  4 kobold brigands
  7 bullfrogs
  3 scorpions
  2 gnoll sergeants
  11 wights
  30 killer bees
  A howler monkey (D:11)
  4 hounds
  A jelly (D:7)
  4 gnoll boudas
  4 orc priests
  A sleepcap (D:6)
  3 iguanas
  12 orc wizards
  24 gnolls
  2 adders
  2 ufetubi
  3 dart slugs
  23 orcs
  4 endoplasms
  5 giant cockroaches
  2 hobgoblins
  9 jackals
  20 kobolds
  A quokka (D:5)
  5 ball pythons
  4 bats
  4 frilled lizards
  9 goblins
  7 rats
270 creatures vanquished.

Vanquished Creatures (others)
  4 fungi
  5 plants (D:10)
9 creatures vanquished.

Grand Total: 279 creatures vanquished

Notes
Turn   | Place    | Note
-------+----------+-------------------------------------------
     0 | D:1      | voltaire321 the Octopode Brigand began the quest for the
                  | Orb.
     0 | D:1      | Reached XP level 1. HP: 14/14 MP: 1/1
   252 | D:1      | Found a faded altar of an unknown god.
   295 | D:1      | Reached XP level 2. HP: 11/19 MP: 2/2
   410 | D:1      | Reached XP level 3. HP: 24/24 MP: 3/3
  1723 | D:3      | Reached XP level 4. HP: 30/30 MP: 4/4
  2394 | D:4      | Noticed Sigmund
  2419 | D:4      | Killed Sigmund
  2420 | D:4      | Reached skill level 6 in Stealth
  2420 | D:4      | Reached skill level 1 in Shields
  2420 | D:4      | Reached XP level 5. HP: 36/36 MP: 5/5
  2420 | D:4      | Reached XP level 6. HP: 42/42 MP: 6/6
  2718 | D:5      | Entered Level 5 of the Dungeon
  2983 | D:5      | Learned a level 3 spell: Stone Arrow
  3026 | D:5      | Found an ancient bone altar of Kikubaaqudgha.
  3099 | D:5      | Found a radiant altar of Vehumet.
  3100 | D:5      | Found a bloodstained altar of Trog.
  3290 | D:5      | Noticed a black bear
  3295 | D:5      | Noticed an ice beast
  3297 | D:5      | Killed a black bear
  3298 | D:5      | Reached XP level 7. HP: 46/46 MP: 7/7
  3390 | D:5      | Reached skill level 1 in Spellcasting
  3390 | D:5      | Reached skill level 1 in Conjurations
  3390 | D:5      | Reached skill level 1 in Earth Magic
  3564 | D:5      | Reached skill level 7 in Stealth
  3752 | D:5      | Found a white marble altar of Elyvilon.
  3900 | D:5      | Noticed Eustachio
  3909 | D:5      | Killed Eustachio
  3910 | D:5      | Reached XP level 8. HP: 54/54 MP: 8/10
  4474 | D:6      | Found a staircase to the Ecumenical Temple.
  4528 | Temple   | Entered the Ecumenical Temple
  4528 | Temple   | Found a transporter.
  4528 | Temple   | Found a transporter.
  4530 | Temple   | Found a transporter.
  4530 | Temple   | Found a transporter.
  4562 | Temple   | Became a worshipper of Fedhas Madash
  4821 | D:6      | Reached skill level 1 in Invocations
  5183 | D:6      | Identified the +4 scale mail of Lilacs {rElec MP+9}
  5222 | D:6      | Noticed a cyan ugly thing
  5238 | D:6      | Killed a red ugly thing
  5239 | D:6      | Reached skill level 8 in Stealth
  5239 | D:6      | Reached XP level 9. HP: 51/59 MP: 3/12
  5570 | D:6      | Reached skill level 5 in Spellcasting
  5570 | D:6      | Reached skill level 5 in Conjurations
  5570 | D:6      | Reached skill level 5 in Earth Magic
  5570 | D:6      | Reached XP level 10. HP: 69/69 MP: 13/17
  5608 | D:6      | Reached * piety under Fedhas
  6775 | D:7      | Noticed Maggie
  6790 | D:7      | Killed Maggie
  7123 | D:8      | Reached ** piety under Fedhas
  8053 | D:8      | Learned a level 2 spell: Passwall
  8219 | D:8      | Noticed a lindwurm
  8240 | D:8      | Noticed a lindwurm
  8240 | D:8      | Noticed a lindwurm
  8240 | D:8      | Noticed a lindwurm
  8888 | D:9      | Noticed a +0 long sword of chaos
  8888 | D:9      | Noticed xian's ghost (novice DrEE)
  8888 | D:9      | Found a runed translucent door.
  8888 | D:9      | Found a shimmering altar of Xom.
  8904 | D:9      | Noticed a two-headed ogre
  8925 | D:9      | Killed a two-headed ogre
  8926 | D:9      | Reached XP level 11. HP: 74/74 MP: 8/19
  9112 | D:9      | Noticed a two-headed ogre
  9128 | D:9      | Killed a two-headed ogre
  9331 | D:9      | Noticed a sun demon
  9412 | D:9      | Noticed Erolcha
  9437 | D:9      | Killed Erolcha
  9438 | D:9      | Reached skill level 9 in Stealth
  9449 | D:9      | Reached *** piety under Fedhas
  9915 | D:9      | Noticed Prince Ribbit
  9925 | D:9      | Killed Prince Ribbit
 10045 | D:10     | Entered Level 10 of the Dungeon
 10056 | D:10     | Found an ornate altar of the Wu Jian Council.
 10858 | D:10     | Noticed a two-headed ogre
 10879 | D:10     | Killed a two-headed ogre
 10880 | D:10     | Reached skill level 5 in Shields
 11663 | D:11     | Noticed Harold
 11677 | D:11     | Killed Harold
 11779 | D:11     | Noticed a cyclops
 11785 | D:11     | Killed a cyclops
 11786 | D:11     | Reached XP level 12. HP: 79/81 MP: 8/21
 11884 | D:11     | Reached **** piety under Fedhas
 12324 | D:11     | Found a staircase to the Lair.
 12403 | D:11     | Found a staircase to the Orcish Mines.
 12435 | D:11     | Noticed a two-headed ogre
 12437 | D:11     | Killed a two-headed ogre
 12438 | D:11     | Reached skill level 10 in Stealth
 12530 | D:11     | Reached skill level 5 in Invocations
 12975 | D:11     | Learned a level 2 spell: Poisonous Vapours
 13013 | Lair:1   | Entered Level 1 of the Lair of Beasts
 13051 | Lair:1   | Reached ***** piety under Fedhas
 13186 | D:11     | Reached skill level 1 in Poison Magic
 13435 | Orc:1    | Entered Level 1 of the Orcish Mines
 13456 | Orc:1    | Reached skill level 1 in Air Magic
 13745 | Orc:2    | Entered Level 2 of the Orcish Mines
 13747 | Orc:2    | Paralysed by an orc sorcerer for 4 turns
 13750 | Orc:2    | Demolished by an orc knight

Illustrated notes

Levels and vault maps discovered:
D:1:      minmay_arrival_widening_spiral_narrow, layout_basic,
          ebering_ecumenical_altar_mist
D:2:      layout_basic
D:3:      layout_rooms
D:4:      layout_cave_pools, uniq_sigmund
D:5:      layout_loops_corners, nicolae_overflow_hidden_temple,
          grunt_temple_overflow_open, overflow_temple_1_default, uniq_eustachio
D:6:      layout_basic, minmay_temple_entry_grid
D:7:      layout_layer_cave, uniq_maggie
D:8:      layout_layer_cave, minmay_lindwurm_lava
D:9:      layout_rooms, ebering_ghost_xom, uniq_prince_ribbit1, uniq_erolcha
D:10:     kennysheep_seaside_town, layout_rooms,
          mainiacjoe_overflow_six_doors_small
D:11:     layout_roguey, lair_entry_dummy, orc_0_dummy, special_room
          [special_room_bee], uniq_harold
Temple:   hellmonk_temple_divided_pantheon
Lair:1:   layout_regular_city, minmay_lair_oklob_bushes, serial_bayou_shore_a,
          lemuel_fruit_fields
Orc:1:    layout_caves, gammafunk_ghost_fury_of_okawaru, uniq_sonja
Orc:2:    grunt_orc_community_town_hall, layout_diamond_mine,
          grunt_orc_community_big_house_1, grunt_orc_community_big_house_1,
          grunt_orc_community_house_2, grunt_orc_community_house_2,
          grunt_orc_community_house_1, grunt_orc_community_house_3,
          serial_shops, nicolae_shop_bloodbath_and_beyond

Skill      XL: |  1  2  3  4  5  6  7  8  9 10 11 12 |
---------------+-------------------------------------+-----
Dodging        | 2 3 4 6 7 |  7.9
Fighting       | 3 4 6 7 8 |  8.0
Short Blades   | 3 4 6 7 8 |  8.1
Throwing       | 3 4 |  4.0
Stealth        | 6 7 8 9 10 | 10.3
Shields        | 1 2 3 4 5 |  5.0
Spellcasting   | 1 2 5 6 |  6.0
Conjurations   | 1 2 5 6 7 |  7.0
Earth Magic    | 1 2 5 6 7 |  7.2
Invocations    | 2 3 4 5 |  5.4
Poison Magic   | 1 |  1.3
Air Magic      | 1 |  1.1

Action                     |  1- 3 |  4- 6 |  7- 9 | 10-12 || total
---------------------------+-------+-------+-------+-------++-------
  Melee: Dagger            |    59 |    67 |   123 |       ||   249
         Tentacles         |    13 |    19 |    42 |   150 ||   224
         Constrict         |    18 |    17 |    24 |   101 ||   160
         Punch             |       |       |     3 |     9 ||    12
         Rapier            |       |       |     8 |   546 ||   554
  Throw: Dart              |    22 |    14 |    29 |    92 ||   157
   Cast: Stone Arrow       |       |       |     4 |    71 ||    75
 Invoke: Grow Ballistomyce |       |       |       |     1 ||     1
    Use: Scroll            |       |    15 |     5 |     3 ||    23
         Potion            |       |       |     3 |     5 ||     8
   Stab: Sleeping          |    10 |     7 |       |    13 ||    30
 Armour: Skin              |     4 |     5 |       |    72 ||    81
  Dodge: Dodged            |    27 |    20 |    38 |   300 ||   385
  Block: Buckler           |     1 |    23 |    35 |   271 ||   330
         Reflection        |       |     1 |       |    15 ||    16

Table legend: (Time is in decaauts)
 A = Elapsed time spent in this place.
 B = Non-inter-level travel time spent in this place.
 C = Inter-level travel time spent in this place.
 D = Time resting spent in this place.
 E = Time spent auto-exploring this place.
 F = Levels seen in this place.
 G = Mean time per level.
                   A        B        C        D        E       F      G
               +--------+--------+--------+--------+--------+-----+--------+
         Total |  13637 |  12948 |    689 |   3585 |   6065 |  15 |  909.1 |
       Dungeon |  13218 |  12544 |    674 |   3444 |   5992 |  11 | 1201.6 |
        Temple |     52 |     52 |      0 |      0 |      0 |   1 |   52.0 |
          Lair |     56 |     56 |      0 |      0 |      0 |   1 |   56.0 |
  Orcish Mines |    308 |    293 |     15 |    141 |     73 |   2 |  154.0 |
               +--------+--------+--------+--------+--------+-----+--------+

Top non-repeatable levels by time:
     D:8: 2045 daAuts
    D:11: 1945 daAuts
     D:5: 1538 daAuts
     D:6: 1444 daAuts
    D:10: 1348 daAuts
     D:7: 1283 daAuts
     D:1: 947 daAuts
     D:9: 893 daAuts
     D:2: 752 daAuts
     D:3: 563 daAuts
     D:4: 455 daAuts
   Orc:1: 304 daAuts
  Lair:1: 56 daAuts
  Temple: 52 daAuts
   Orc:2: 4 daAuts
